 Dungeon Crawl Stone Soup version 0.25-a0-294-gea9b1ad378 (webtiles) character file.

Game seed: 7246014123795119509, levelgen mode: deterministic

118 Jindul the Skirmisher (level 4, 0/37 HPs)
             Began as a Demonspawn Chaos Knight on Dec 18, 2019.
             Was a Plaything of Xom.
             Succumbed to Crazy Yiuf's poison
             ... on level 3 of the Dungeon.
             The game lasted 00:06:35 (2027 turns).

Jindul the Skirmisher (Demonspawn Chaos Knight)     Turns: 2027, Time: 00:06:36

Health: 0/37       AC:  8    Str: 19    XL:     4   Next: 72%
Magic:  4/4        EV: 12    Int: 13    God:    Xom [*.....]
Gold:   132        SH:  0    Dex: 12    Spells: 3/3 levels left

rFire    . . .     SeeInvis .   a - +0 spear (chaos)
rCold    . . .     Gourm    .   (no shield)
rNeg     . . .     Faith    .   b - +2 leather armour
rPois    .         Spirit   .   (no helmet)
rElec    .         Reflect  .   (no cloak)
rCorr    .         Harm     .   (no gloves)
MR       .....                  j - +0 pair of boots
Stlth    +.........             (no amulet)
HPRegen  0.12/turn              (no ring)
MPRegen  0.09/turn              (no ring)

@: mighty, lethally poisoned (0 -> -12), berserk cooldown, slowed, very slow
A: icy blue scales 1
a: Renounce Religion


You were on level 3 of the Dungeon.
You worshipped Xom.
You were a special plaything of Xom.
You were not hungry.

You visited 1 branch of the dungeon, and saw 3 of its levels.

You collected 132 gold pieces.

Inventory:

Hand Weapons
 a - a +0 spear of chaos (weapon)
Armour
 b - a +2 leather armour (worn)
 j - a +0 pair of boots (worn)
Scrolls
 f - 3 scrolls of identify {unknown}
 g - a scroll of immolation {unknown}
 m - a scroll of amnesia {unknown}
 p - a scroll of noise {unknown}
Potions
 d - a potion of haste {unknown}
 e - a potion of resistance {unknown}
 h - a potion of flight
 i - a potion of invisibility {unknown}
 n - a potion of berserk rage
 o - a potion of mutation {unknown}
 q - a potion of degeneration {unknown}
Comestibles
 c - 4 rations


   Skills:
 + Level 3.8 Fighting
 + Level 3.4 Polearms
 + Level 2.6 Armour
 + Level 2.0 Dodging


You had 3 spell levels left.
You didn't know any spells.
Your spell library was empty.

Dungeon Overview and Level Annotations

Branches:
Dungeon (3/15)

Altars:
Dithmenos
Wu Jian


Innate Abilities, Weirdness & Mutations

You are partially covered in icy blue scales. (AC +2)


Message History

* * * LOW HITPOINT WARNING * * *
You puncture Crazy Yiuf! Lightning courses through Crazy Yiuf!!
You kill Crazy Yiuf!
Your Dodging skill increases to level 2!
* * * LOW HITPOINT WARNING * * *
You feel sick.
There is an open translucent door, spattered with blood here.
Things that are here:
a +3 quarterstaff of chaos; a +0 cloak; the gnoll corpse of Crazy Yiuf You are too berserk!
You feel a strong urge to attack something.
* * * LOW HITPOINT WARNING * * *
You feel sick.
* * * LOW HITPOINT WARNING * * *
You feel sick.
You feel your anger nearly subside.
You are no longer berserk.
You are exhausted.
You feel yourself slow down.
You die...
Xom laughs nastily!

#.#######.#
##..## #.#
### #.#
♣P...♣ #.#
#.# ♣♣.P.♣
#.# ###
♣♣.♣♣ #+#
♣♣.♣ ♣.♣♣
♣♣.♣ ♣.♣♣
#@# #...#
#...# #)..#
#####


There were no monsters in sight!

Vanquished Creatures
  Crazy Yiuf (D:3)
  3 adders
  A gnoll (D:1)
  A worm (D:2)
  A dart slug (D:1)
  2 leopard geckos (D:1)
  4 giant cockroaches (D:1)
  7 goblins
  3 hobgoblins
  4 jackals (D:2)
  A quokka (D:3)
  5 bats
  2 frilled lizards (D:3)
  5 kobolds
  5 rats
45 creatures vanquished.

Notes
Turn   | Place    | Note
-------+----------+-------------------------------------------
     0 | D:1      | Jindul the Demonspawn Chaos Knight began the quest for the
                  | Orb.
     0 | D:1      | Reached XP level 1. HP: 18/18 MP: 1/1
    16 | D:1      | Noticed a minotaur skeleton
    16 | D:1      | Noticed a minotaur skeleton
   212 | D:1      | XOM: potion effect (might)
   221 | D:1      | Reached skill level 1 in Dodging
   371 | D:1      | Gained mutation: You are partially covered in icy blue
                  | scales. (AC +2) [demonic ancestry]
   371 | D:1      | Reached XP level 2. HP: 24/24 MP: 2/2
   407 | D:1      | XOM: silly message
   446 | D:1      | Reached XP level 3. HP: 20/29 MP: 3/3
   764 | D:2      | Found an ornate altar of the Wu Jian Council.
   842 | D:2      | XOM: cloud trail
  1720 | D:3      | XOM: stealth player
  1743 | D:3      | Noticed a water moccasin
  1751 | D:3      | XOM: 2-stop teleportation journey
  1758 | D:3      | XOM: medium Chrm miscast
  1759 | D:3      | XOM: fake destruction
  1763 | D:3      | Found a shadowy altar of Dithmenos.
  1790 | D:3      | Reached XP level 4. HP: 9/36 MP: 4/4
  2008 | D:3      | Found a runed translucent door.
  2009 | D:3      | Noticed Crazy Yiuf
  2023 | D:3      | Killed Crazy Yiuf
  2026 | D:3      | HP: 2/55 [poisoned by Crazy Yiuf]
  2027 | D:3      | Succumbed to Crazy Yiuf's poison

Levels and vault maps discovered:
D:1:      shiori_arrival_whats_in_store_for_you, layout_loops_ring,
          minmay_misc_feat_columns, minmay_heptomino_h4
D:2:      layout_loops_corners, nicolae_overflow_crystal_walls, serial_rivers,
          chequers_serial_rivers_micro_d, chequers_serial_rivers_room_b,
          chequers_serial_rivers_small_a, chequers_serial_rivers_small_3,
          chequers_serial_rivers_micro_d, chequers_arboretum
D:3:      layout_basic, grunt_dithmenos_smoke, uniq_natasha, uniq_jessica,
          uniq_terence, uniq_crazy_yiuf_cottage

Skill      XL: |  1  2  3  4 |
---------------+-------------+-----
Dodging        | 1 2 |  2.0
Polearms       | 3 |  3.4
Armour         | 2 |  2.6
Fighting       | |  3.8

Action                   |  1- 3 |  4- 6 || total
-------------------------+-------+-------++-------
Melee: Spear             |   139 |    23 ||   162
  Use: Potion            |     2 |     5 ||     7
 Stab: Sleeping          |     3 |       ||     3
  Eat: Chunk             |     3 |     1 ||     4
Armor: Leather armour    |    55 |     6 ||    61
Dodge: Dodged            |    89 |     7 ||    96

Table legend:
 A = Non-vault XP
 B = Vault XP
 C = Vault XP percentage of total XP
 D = Non-vault monster count
 E = Vault monster count
 F = Vault count percentage of total count
                 A         B        C        D         E       F
            +---------+---------+-------+---------+---------+-------
      Total |     124 |      45 |  26.6 |      41 |       4 |   8.9
            +---------+---------+-------+---------+---------+-------
        D:1 |      45 |       6 |  11.8 |      18 |       3 |  14.3
        D:2 |      40 |       0 |   0.0 |      14 |       0 |   0.0
        D:3 |      39 |      39 |  50.0 |       9 |       1 |  10.0
            +---------+---------+-------+---------+---------+-------
